 Dungeon Crawl Stone Soup version 0.30.0-18-gc0e69614cb (webtiles) character file.

Game seed: 10373746329493022406

84409 cheesebisquit the Brawler (level 15, -2/145 HPs)
             Began as a Troll Warper on May 24, 2023.
             Was the Champion of Dithmenos.
             Slain by a deep troll (4 damage)
             ... while paralysed by an ogre mage
             ... on level 2 of the Orcish Mines.
             The game lasted 02:18:06 (25263 turns).

cheesebisquit the Brawler (Troll Warper)           Turns: 25263, Time: 02:18:07

Health: -2/145     AC:  9    Str: 29    XL:     15   Next: 35%
Magic:  4/21       EV:  1    Int: 15    God:    Dithmenos [******]
Gold:   611        SH:  0    Dex: 13    Spells: 5/24 levels left

rFire   . .          .
                       - Unarmed
rCold   . . .        (no shield)
rNeg    . . .        X - +2 robe {Archmagi}
rPois   .            (helmet restricted)
rElec   .            A - +2 cloak
rCorr   .            (gloves unavailable)
SInv    .            (boots unavailable)
Will    +....        w - amulet of reflection
Stlth   +++++        j - ring "Niq Viah" {Contam Str+6 Dex+4}
HPRegen 1.24/turn    P - +5 ring of evasion
MPRegen 0.17/turn

%: reflection, archmagi
@: paralysed, wreathed by umbra
A: large, unfitting armour, claws 3, regeneration 1, shaggy fur 1, tough skin 1
a: Renounce Religion, Shadow Step, Shadow Form


You were on level 2 of the Orcish Mines.
You worshipped Dithmenos.
Dithmenos was exalted by your worship.
You visited 4 branches of the dungeon, and saw 20 of its levels.

You collected 1691 gold pieces.
You spent 1080 gold pieces at shops.

Inventory:

Hand Weapons
 q - a +7 morningstar of pain
 z - a +4 giant spiked club
 H - a +5 flail of protection
 K - a +0 short sword of venom
 M - a +5 flail of freezing
Missiles
 b - 2 boomerangs
 B - 6 atropa-tipped darts
 E - 18 poisoned darts
 G - 2 throwing nets
 I - 8 large rocks
 J - 5 curare-tipped darts
Armour
 a - a +0 robe
 h - a +1 robe of fire resistance
 x - a +0 troll leather armour
 A - a +2 cloak (worn)
 F - a +2 robe of willpower
 O - a +0 kite shield of protection
 S - +0 acid dragon scales
 X - a +2 robe of the Archmagi (worn)
Jewellery
 g - a +6 ring of dexterity
 j - the ring "Niq Viah" (left claw) {Contam Str+6 Dex+4}
   (You bought it in a shop on level 1 of the Orcish Mines)

   [ring of strength]

   Str:       It affects your strength (+6).
   Dex:       It affects your dexterity (+4).
   Contam:    It causes magical contamination when unequipped.
 w - an amulet of reflection (around neck)
 P - a +5 ring of evasion (right claw)
 Q - a ring of fire
 V - a +6 ring of dexterity
Wands
 i - a wand of paralysis (1)
 k - a wand of quicksilver (10)
 R - a wand of polymorph (3)
 T - a wand of flame (5)
Scrolls
 e - 3 scrolls of teleportation
 f - 2 scrolls of fear
 m - 5 scrolls of amnesia
 o - 2 scrolls of vulnerability {unknown}
 s - a scroll of brand weapon {unknown}
 u - a scroll of magic mapping {unknown}
 v - a scroll of fog
 y - 2 scrolls of noise
 D - 3 scrolls of immolation
 L - 4 scrolls of poison
 N - a scroll of silence {unknown}
 U - a scroll of torment {unknown}
 W - 3 scrolls of enchant armour
Potions
 c - 2 potions of magic
 d - 5 potions of curing
 l - 3 potions of cancellation
 n - 7 potions of mutation
 p - 6 potions of resistance
 r - 4 potions of flight
 t - 3 potions of attraction
 C - 2 potions of lignification
 Y - 2 potions of brilliance


   Skills:
 + Level 8.4 Fighting
 - Level 10.4 Throwing
 - Level 5.0 Dodging
 - Level 5.0 Stealth
 - Level 15.0 Unarmed Combat
 - Level 5.0 Spellcasting
 - Level 10.0 Translocations
 + Level 3.3 Air Magic
 - Level 5.0 Invocations


You had 5 spell levels left.
You knew the following spells:

 Your Spells              Type           Power      Damage    Failure   Level
a - Blink                 Tloc           100%       N/A       1%          2
b - Lesser Beckoning      Tloc           100%       N/A       1%          2
c - Teleport Other        Tloc           50%        N/A       1%          3
d - Manifold Assault      Tloc           50%        N/A       2%          4
e - Apportation           Tloc           100%       N/A       1%          1
f - Vhi's Electric Charg  Tloc/Air       70%        N/A       3%          3
g - Passage of Golubria   Tloc           50%        N/A       2%          4

Your spell library contained the following spells:

 Spells                   Type           Power      Damage    Failure   Level
 Freeze                   Ice            20%        1d4       16%         1
 Necrotise                Necr           20%        1d5       16%         1
 Cigotuvi's Dreadful Rot  Necr/Pois/Air  20%        N/A       16%         2
 Sublimation of Blood     Necr           5%         N/A       24%         2
 Mephitic Cloud           Conj/Pois/Air  10%        N/A       30%         3
 Dazzling Flash           Conj/Hex       10%        N/A       43%         3
 Frozen Ramparts          Ice            10%        1d2       43%         3
 Hailstorm                Conj/Ice       5%         3d4       43%         3
 Ignite Poison            Fire/Tmut/Pois 5%         N/A       43%         3
 Inner Flame              Hex/Fire       5%         N/A       43%         3
 Vampiric Draining        Necr           5%         2d6       43%         3
 Flame Wave               Conj/Fire      5%         2d5       85%         4
 Fulminant Prism          Conj/Hex       2%         3d5       85%         4
 Petrify                  Tmut/Erth      5%         N/A       85%         4
 Sticky Flame             Conj/Fire      5%         2d3       85%         4
 Silence                  Hex/Air        6%         N/A       92%         5
 Freezing Cloud           Conj/Ice/Air   5%         6-21      96%         5
 Agony                    Necr           5%         N/A       99%         5
 Alistair's Intoxication  Tmut/Pois      3%         N/A       99%         5
 Irradiate                Conj/Tmut      2%         3d12      99%         5
 Dispersal                Tloc           25%        N/A       38%         6
 Disjunction              Tloc           25%        N/A       100%        8
 Infestation              Necr           2%         N/A       100%        8
 Lehudib's Crystal Spear  Conj/Erth      2%         10d2      100%        8


Dungeon Overview and Level Annotations

Branches:
Dungeon (12/15)            Temple (1/1) D:4            Lair (5/5) D:11
  Swamp (0/4) Lair:3       Spider (0/4) Lair:2        Slime (0/5) Lair:5
    Orc (2/2) D:9
    Elf: Orc:2

Altars:
Ashenzari
Cheibriados
Dithmenos
Elyvilon
Fedhas
Gozag
Hepliaklqana
Kikubaaqudgha
Makhleb
Nemelex Xobeh
Okawaru
Qazlal
Ru
Sif Muna
Trog
Uskayaw
Vehumet
Wu Jian
Xom
Yredelemnul
Zin
The Shining One

Shops:
D:3 [   D:4 !   D:9 ?(   Orc:1 =   Orc:2 [![(

Annotations:
Lair:2 2 transporters, Lorchiruck's ghost, journeyman MiFi


Innate Abilities, Weirdness & Mutations

You are too large for most types of armour.
You have claws for hands.
Your natural rate of healing is unusually fast.
You are covered in fur. (AC +1)
You have tough skin. (AC +1)


Message History

Dithmenos accepts your kill.
You claw the deep troll! You scratch the deep troll.
The deep troll is heavily wounded.
You claw the deep troll!
The deep troll is severely wounded.
Something hits you! The deep troll completely misses you.
The deep troll claws you! The deep troll closely misses you.
You barely miss the deep troll.
The deep troll is severely wounded.
The deep troll closely misses you. x2; The deep troll barely misses you.
You claw the deep troll!
The deep troll is almost dead.
You hear some strange, mumbled words.
You suddenly lose the ability to move!
The deep troll bites you but does no damage.
The deep troll completely misses you. The deep troll claws you.
You hear some strange, mumbled words.
You shrug off the repeated paralysis!
The deep troll bites you but does no damage.
The deep troll claws you! x2
Something hits you but does no damage. The deep troll barely misses you.
The deep troll claws you! x2
Something hits you. The deep troll bites you!! The deep troll claws you!
* * * LOW HITPOINT WARNING * * *
The deep troll claws you but does no damage.
The deep troll bites you.
* * * LOW HITPOINT WARNING * * *
The deep troll claws you!
* * * LOW HITPOINT WARNING * * *
The deep troll claws you!
* * * LOW HITPOINT WARNING * * *
You hear some strange, mumbled words.
A bolt of magma appears from out of thin air!
The bolt of magma hits you.
* * * LOW HITPOINT WARNING * * *
The deep troll bites you!
* * * LOW HITPOINT WARNING * * *
The deep troll claws you.
You die...

#...##.####[[..#.## ###
#........###[.....# ##
............##)...##.#
.............#...(...
....∩..............#.
.#.......∩.......$.##
..#.................##
............#....#...##
.........)...#@.......#.
.............)#T........
...∩.........{......#.#.
...............)<......#
..............).....$..
.....................#
................)....#
..∩................##
......)..........#..


You could see a deep troll.

Vanquished Creatures
  Rupert (Lair:5)
  An ogre mage (Orc:2)
  2 catoblepae
  5 hydras
  10 two-headed ogres
  3 boulder beetles
  A skyshark (Lair:5)
  A sixfirhy (D:11)
  A deep troll (Orc:2)
  Pikel (D:9)
  An orc knight (Orc:2)
  3 orc sorcerers (Orc:2)
  A deep elf pyromancer (D:12)
  A manticore (D:11)
  3 cyclopes
  4 centaur zombies (D:10)
  2 spectral boulder beetles (D:10)
  18 elephants
  Maurice (D:8)
  11 cane toads
  5 black mambas
  An orange demon (D:11)
  2 torpor snails
  A gargoyle (D:11)
  An unseen horror (D:11)
  2 centaur skeletons (D:10)
  10 komodo dragons
  2 rime drakes (Lair:5)
  14 trolls
  A red devil (D:11)
  Grinder (D:5)
  7 polar bears
  A tyrant leech (Lair:3)
  28 blink frogs
  5 hornets
  8 dream sheep
  11 flying skulls (D:10)
  A spectral black mamba (D:10)
  A centaur simulacrum (D:10)
  2 jumping spiders (Lair:2)
  10 spriggans (Lair:5)
  2 slime creatures (Lair:5)
  Sigmund (D:4)
  2 vampires
  3 wyverns
  A neqoxec (D:11)
  52 yaks
  6 shadows
  9 wraiths
  12 basilisks
  A chaos spawn (D:11)
  6 vampire mosquitoes
  4 redbacks (Lair:2)
  A steam dragon (D:8)
  8 wargs
  Edmund (D:6)
  4 swamp worms (Lair:3)
  16 water moccasins
  3 acid dragons
  2 ice beasts
  6 black bears
  10 orc warriors
  A sky beast (D:6)
  A black mamba simulacrum (D:10)
  18 ogres
  28 wolves
  5 boggarts (Lair:5)
  4 centaurs
  2 phantoms
  4 kobold brigands
  12 bullfrogs
  3 scorpions
  4 gnoll sergeants
  3 wights (D:8)
  3 howler monkeys
  7 hounds
  7 jellies
  A quasit (D:11)
  7 orc priests
  7 iguanas
  4 hell rats (D:10)
  2 sleepcaps (D:6)
  Ijyb (D:3)
  14 orc wizards
  12 adders
  19 gnolls
  A shadow imp (D:6)
  A white imp (D:6)
  A howler monkey simulacrum (D:10)
  4 ufetubi
  4 worms
  3 dart slugs
  38 orcs
  8 ball pythons
  5 endoplasms
  5 giant cockroaches
  4 goblins
  5 hobgoblins
  6 jackals
  26 kobolds
  3 quokkas
  2 bats
  2 frilled lizards
  6 rats
  A butterfly (Lair:2)
629 creatures vanquished.

Vanquished Creatures (collateral kills)
  A hydra (Lair:3)
1 creature vanquished.

Vanquished Creatures (others)
  An orc wizard (D:8)
  A white imp (D:7)
  An orc (Orc:2)
3 creatures vanquished.

Grand Total: 633 creatures vanquished

Notes
Turn   | Place    | Note
-------+----------+-------------------------------------------
     0 | D:1      | cheesebisquit the Troll Warper began the quest for the Orb.
     0 | D:1      | Reached XP level 1. HP: 19/19 MP: 1/1
   129 | D:1      | Reached XP level 2. HP: 27/27 MP: 2/2
   300 | D:1      | Reached skill level 3 in Unarmed Combat
   894 | D:2      | Reached XP level 3. HP: 33/33 MP: 3/3
   960 | D:2      | Identified the +8 short sword of Soraclygh {flame, Int-5
                  | SInv Stlth+}
  1093 | D:2      | Reached skill level 4 in Unarmed Combat
  1590 | D:3      | Noticed Ijyb
  1601 | D:3      | Killed Ijyb
  1602 | D:3      | Reached XP level 4. HP: 32/41 MP: 4/4
  1734 | D:3      | Found Joup's Armour Boutique.
  1812 | D:3      | Found a faded altar of an unknown god.
  2146 | D:3      | Reached skill level 5 in Unarmed Combat
  2152 | D:3      | Found a shimmering blue altar of Sif Muna.
  2155 | D:3      | Reached XP level 5. HP: 47/48 MP: 5/5
  2301 | D:4      | Noticed an ogre
  2307 | D:4      | Killed an ogre
  2308 | D:4      | Reached skill level 6 in Unarmed Combat
  2308 | D:4      | Reached XP level 6. HP: 55/55 MP: 6/6
  2373 | D:4      | Reached skill level 7 in Unarmed Combat
  2400 | D:4      | Found Geriwneatz's Distillery.
  2406 | D:4      | Bought 2 potions of curing for 60 gold pieces
  2406 | D:4      | Bought a potion of might for 40 gold pieces
  2406 | D:4      | Bought 2 potions of curing for 60 gold pieces
  2406 | D:4      | Bought a potion of flight for 30 gold pieces
  2632 | D:4      | Found a staircase to the Ecumenical Temple.
  2663 | Temple   | Entered the Ecumenical Temple
  2957 | D:4      | Reached XP level 7. HP: 62/62 MP: 7/7
  3166 | D:4      | Noticed Sigmund
  3173 | D:4      | Killed Sigmund
  3174 | D:4      | Reached skill level 8 in Unarmed Combat
  3511 | D:5      | Entered Level 5 of the Dungeon
  3670 | D:5      | Noticed Grinder
  3686 | D:5      | Paralysed by Grinder for 5 turns
  3720 | D:5      | Killed Grinder
  3721 | D:5      | Reached skill level 9 in Unarmed Combat
  3721 | D:5      | Reached XP level 8. HP: 70/70 MP: 8/8
  4036 | D:5      | Reached skill level 10 in Unarmed Combat
  4152 | D:5      | Identified the +4 plate armour of the Date {-Cast Rampage
                  | rPois Dex+5}
  4198 | D:6      | Learned a level 2 spell: Blink
  4201 | D:6      | Learned a level 2 spell: Lesser Beckoning
  4205 | D:6      | Learned a level 3 spell: Teleport Other
  4343 | D:6      | Reached skill level 5 in Fighting
  4527 | D:6      | Reached XP level 9. HP: 76/88 MP: 9/9
  4631 | D:6      | Noticed Edmund
  4646 | D:6      | Killed Edmund
  5162 | D:7      | Reached skill level 5 in Dodging
  5162 | D:7      | Reached skill level 1 in Throwing
  5277 | D:7      | Got the Grimoire of Shades and Fascination
  5508 | D:7      | Reached skill level 10 in Throwing
  5508 | D:7      | Reached XP level 10. HP: 96/96 MP: 10/10
  5529 | D:7      | Found a basalt altar of Yredelemnul.
  5754 | D:7      | Found a glowing silver altar of Zin.
  5755 | D:7      | Found an opulent altar of Gozag.
  5822 | D:8      | Identified the +2 helmet of Compression {Int+4}
  5829 | D:8      | Found a shadowy altar of Dithmenos.
  5869 | D:8      | Became a worshipper of Dithmenos the Shadowed
  6354 | D:8      | Noticed Maurice
  6386 | D:8      | Killed Maurice
  6488 | D:4      | Bought a potion of haste for 100 gold pieces
  6783 | D:8      | Found an iron altar of Okawaru.
  6795 | D:8      | Found an ornate altar of the Wu Jian Council.
  6799 | D:8      | Found a bloodstained altar of Trog.
  6915 | D:9      | Reached XP level 11. HP: 84/102 MP: 11/11
  7001 | D:9      | Noticed Pikel
  7015 | D:9      | Killed Pikel
  7016 | D:9      | Reached skill level 5 in Translocations
  7050 | D:9      | Reached * piety under Dithmenos
  7174 | D:9      | Found Vonungy's Weapon Shoppe.
  7174 | D:9      | Found a staircase to the Orcish Mines.
  7184 | D:9      | Bought 2 atropa-tipped darts for 23 gold pieces
  7347 | D:9      | Found Goerch's Magic Scroll Boutique.
  7354 | D:9      | Bought a scroll of identify for 30 gold pieces
  7354 | D:9      | Bought a scroll of enchant weapon for 112 gold pieces
  7354 | D:9      | Bought a scroll of identify for 30 gold pieces
  7551 | D:10     | Entered Level 10 of the Dungeon
  7598 | D:10     | Reached ** piety under Dithmenos
  7796 | D:10     | Learned a level 4 spell: Manifold Assault
  8228 | D:10     | Found a basalt altar of Yredelemnul.
  8269 | D:10     | Got the Catalogue of Kismet
  8356 | D:10     | Reached XP level 12. HP: 111/111 MP: 12/12
  8387 | D:10     | Reached *** piety under Dithmenos
  8699 | D:10     | Found a sacrificial altar of Ru.
  9027 | D:10     | Reached skill level 10 in Translocations
  9261 | D:10     | Reached skill level 1 in Invocations
  9373 | D:11     | Noticed a boulder beetle
  9588 | D:11     | Noticed a two-headed ogre
  9618 | D:10     | Killed a two-headed ogre
  9719 | D:11     | Killed a boulder beetle
  9757 | D:11     | Found a staircase to the Lair.
  9807 | D:11     | Reached skill level 5 in Invocations
 10259 | D:11     | Noticed a boulder beetle
 10279 | D:11     | Killed a boulder beetle
 10563 | D:11     | Found a glowing silver altar of Zin.
 10597 | D:11     | Reached skill level 11 in Unarmed Combat
 11049 | D:11     | Learned a level 1 spell: Apportation
 11105 | D:12     | Found a gate leading to a gauntlet.
 11125 | D:12     | Noticed a two-headed ogre
 11149 | D:11     | Killed a two-headed ogre
 11237 | D:12     | Noticed a boulder beetle
 11246 | D:12     | Killed a boulder beetle
 11965 | D:12     | Reached XP level 13. HP: 109/118 MP: 15/15
 12015 | Lair:1   | Entered Level 1 of the Lair of Beasts
 12096 | Lair:1   | Reached skill level 12 in Unarmed Combat
 13071 | Lair:2   | Found a transporter.
 13178 | Lair:2   | Reached **** piety under Dithmenos
 13186 | Lair:2   | Found a transporter.
 13231 | Lair:2   | Noticed Lorchiruck's ghost (journeyman MiFi)
 13308 | Lair:2   | Reached skill level 13 in Unarmed Combat
 13657 | Lair:2   | Found a hole to the Spider Nest.
 14105 | Lair:3   | You fall into a shaft and drop 2 floors!
 14105 | Lair:5   | Entered Level 5 of the Lair of Beasts
 14192 | Lair:5   | Reached skill level 1 in Stealth
 15167 | Lair:3   | Reached skill level 14 in Unarmed Combat
 15909 | Lair:3   | Reached XP level 14. HP: 131/131 MP: 16/16
 16360 | Lair:3   | Found a staircase to the Swamp.
 16879 | Lair:4   | Reached skill level 15 in Unarmed Combat
 17657 | Lair:5   | Reached ***** piety under Dithmenos
 17956 | Lair:5   | HP: 5/131 [catoblepas (7)]
 18307 | Lair:5   | Found a staircase to the Slime Pits.
 18352 | Lair:5   | Reached skill level 5 in Stealth
 20347 | Lair:5   | Reached skill level 5 in Spellcasting
 20874 | Lair:5   | Noticed Rupert
 21142 | Lair:5   | Paralysed by Rupert for 5 turns
 21153 | Lair:5   | Killed Rupert
 22237 | D:9      | Learned a level 3 spell: Vhi's Electric Charge
 22242 | D:9      | Learned a level 4 spell: Passage of Golubria
 22243 | Orc:1    | Entered Level 1 of the Orcish Mines
 22647 | Orc:1    | Reached XP level 15. HP: 140/140 MP: 21/21
 23140 | Orc:1    | Found Isizxaso's Jewellery Emporium.
 23148 | Orc:1    | Bought the ring "Niq Viah" {Contam Str+6 Dex+4} for 595
                  | gold pieces
 23264 | Orc:1    | Reached skill level 1 in Air Magic
 23357 | Orc:2    | Entered Level 2 of the Orcish Mines
 23357 | Orc:2    | Found Ycaugoliri's Weapon Emporium.
 23946 | Orc:1    | Reached ****** piety under Dithmenos
 23952 | Orc:1    | Found Isizxaso's Jewellery Emporium.
 24938 | Orc:2    | Paralysed by something for 3 turns
 25218 | Orc:2    | Found Fytua's Distillery.
 25223 | Orc:2    | Found Kapimm Pogoj's Armour Boutique.
 25238 | Orc:2    | Found Gieggesch's Antique Armour Shoppe.
 25258 | Orc:2    | Paralysed by something for 5 turns
 25263 | Orc:2    | HP: 2/145 [deep troll (7)]
 25263 | Orc:2    | Slain by a deep troll

Illustrated notes

Levels and vault maps discovered:
D:1:      matt_arrival_refuge, layout_basic
D:2:      layout_basic, serial_curves, eino_curves_01, eino_curves_01,
          dk_noncrumbling_4
D:3:      layout_rooms, kennysheep_orc_sif_temple,
          hellmonk_ecumenical_altar_heavens_door, serial_shops,
          nicolae_shop_just_a_little_nook, uniq_ijyb
D:4:      layout_loops_ring, minmay_temple_entry_mini_moons, serial_shops,
          nicolae_shop_crystal, chequers_serial_rivers_large_b, uniq_sigmund
D:5:      minmay_bubble_buster, layout_cave_pools, uniq_grinder
D:6:      minmay_skewed_foursquare, layout_gridville, mrwooster_statue_mirror,
          uniq_edmund
D:7:      layout_loops_cross, grunt_temple_overflow_gold_and_silver,
          mainiacjoe_overflow_paths
D:8:      layout_gridville, lemuel_crystal_altar,
          nicolae_overflow_hidden_temple, uniq_maurice
D:9:      layout_basic, orc_david_3, serial_shops,
          nicolae_shop_advertising_works [nicolae_subvault_shop_adworks],
          uniq_pikel
D:10:     lemuel_vampire_tower, layout_basic, mainiacjoe_overflow_brackets
D:11:     layout_grid_maze, due_lair_maze_entry_diamond, serial_demonic,
          serial_demonic_b, serial_demonic_f, serial_demonic_a,
          serial_demonic_b, zin_treasury
D:12:     layout_roguey, gauntlet_entry_generic
Temple:   compressed_dpeg_triangle_lava_temple
Lair:1:   layout_roguey, minivault_24, beast_lair_carwin_2, serial_bayou_shore_a
Lair:2:   layout_roguey, nicolae_spider_entry_tight_spaces,
          gammafunk_ghost_berserking_beasts, infiniplex_staircase_pool_2,
          lemuel_fruit_fields
Lair:3:   layout_cave_shapes, palyth_hydra_swamp_entry, lemuel_fruit_fields,
          infiniplex_staircase_pool
Lair:4:   layout_regular_city, kennysheep_basilisk_garden, grunt_megastairs_3
Lair:5:   minmay_lair_end_enchanted_forest, layout_concentric_octagons,
          minmay_slime_entry_pillars, grunt_megastairs_5, serial_bayou_shore_b,
          uniq_rupert
Orc:1:    layout_diamond_mine, minmay_shop_enchanted_jewellery
Orc:2:    st_orc_open, layout_caves, serial_shops, nicolae_shop_peninsula,
          nicolae_shop_tiny_glass, mines4_lemuel

Skill      XL: |  1  2  3  4  5  6  7  8  9 10 11 12 13 14 15 |
---------------+----------------------------------------------+-----
Unarmed Combat | 3 4 5 6 7 9 10 11 14 15 | 15.0
Fighting       | 5 6 7 8 |  8.4
Dodging        | 3 5 |  5.0
Throwing       | 10 | 10.4
Translocations | 4 9 10 | 10.0
Invocations    | 5 |  5.0
Stealth        | 2 5 |  5.0
Spellcasting   | 5 |  5.0
Air Magic      | 3 |  3.3

Action                     |  1- 3 |  4- 6 |  7- 9 | 10-12 | 13-15 || total
---------------------------+-------+-------+-------+-------+-------++-------
  Melee: Unarmed           |   109 |    78 |   228 |   606 |  1050 ||  2071
         Punch             |     5 |     3 |    15 |    48 |    98 ||   169
         Giant spiked club |       |       |       |       |     5 ||     5
  Throw: Boomerang         |     6 |    27 |     9 |    92 |   216 ||   350
         Dart              |       |       |     5 |   111 |   186 ||   302
         Throwing net      |       |       |       |     6 |     1 ||     7
         Large rock        |       |       |       |    18 |     4 ||    22
   Cast: Manifold Assault  |       |       |       |    23 |   152 ||   175
         Lesser Beckoning  |       |       |       |     6 |     1 ||     7
         Blink             |       |       |       |       |     1 ||     1
 Invoke: Shadow Step       |       |       |       |     4 |     1 ||     5
  Evoke: Wand              |       |       |     1 |       |     9 ||    10
    Use: Scroll            |       |     5 |     5 |     8 |    17 ||    35
         Potion            |       |       |     2 |     6 |    18 ||    26
   Stab: Sleeping          |     1 |     1 |     1 |     4 |     7 ||    14
         Held in net/web   |       |       |       |     2 |       ||     2
         Paralysed         |       |       |       |       |     7 ||     7
         Petrified         |       |       |       |       |    11 ||    11
         Distracted        |       |       |       |       |     5 ||     5
         Petrifying        |       |       |       |       |     1 ||     1
         Invisible         |       |       |       |       |     1 ||     1
 Armour: Robe              |    35 |    15 |    40 |    88 |   142 ||   320
  Dodge: Dodged            |    37 |    28 |    78 |   333 |   605 ||  1081
  Block: Other             |       |       |    24 |    99 |   171 ||   294
         Reflection        |       |       |     2 |     2 |     1 ||     5
